 Dungeon Crawl Stone Soup version 0.28-a0-984-g3775c66 (webtiles) character file.

Game seed: 11668244346318455638

27 ChiliFlavouring the Slasher (level 3, -4/30 HPs)
             Began as a Ghoul Gladiator on Dec 3, 2021.
             Killed from afar by an orc wizard (7 damage)
             ... with a magic dart
             ... on level 1 of the Dungeon.
             The game lasted 00:06:43 (1440 turns).

ChiliFlavouring the Slasher (Ghoul Gladiator)       Turns: 1440, Time: 00:06:44

Health: -4/30      AC:  7    Str: 19    XL:     3   Next: 10%
Magic:  2/2        EV: 27    Int:  3    God:
Gold:   12         SH:  0    Dex: 10    Spells: 2/2 levels left

rFire   . . .      SeeInvis .     - Unarmed
rCold   + . .      Faith    .   (no shield)
rNeg    + + +      Spirit   .   b - +0 leather armour
rPois   ∞          Reflect  .   c - +0 helmet
rElec   .          Harm     .   (no cloak)
rCorr   .          Rampage  .   (no gloves)
Will    .....                   i - +2 pair of boots
Stlth   +.........              j - amulet of the acrobat
HPRegen 0.00/turn               (no ring)
MPRegen 0.08/turn               (no ring)

@: acrobatic, inhibited regen
A: claws 1, cold resistance 1, negative energy resistance 3, inhibited
regeneration, torment resistance 2
a: no special abilities


You were on level 1 of the Dungeon.
You visited 1 branch of the dungeon, and saw 2 of its levels.

You collected 12 gold pieces.

Inventory:

Hand Weapons
 a - a +0 long sword
Missiles
 d - 3 throwing nets
 h - 111 stones (quivered)
Armour
 b - a +0 leather armour (worn)
 c - a +0 helmet (worn)
 i - a +2 pair of boots (worn)
Jewellery
 j - an amulet of the acrobat (around neck)
Scrolls
 e - 2 scrolls of enchant weapon {unknown}
 g - a scroll of torment {unknown}


   Skills:
 + Level 2.7 Fighting
 - Level 2.8 Long Blades
 + Level 2.3 Throwing
 - Level 2.6 Dodging
 * Level 1.3 Unarmed Combat


You had 2 spell levels left.
You didn't know any spells.
Your spell library was empty.

Dungeon Overview and Level Annotations

Branches:
Dungeon (2/15)

Altars:


Innate Abilities, Weirdness & Mutations

You thrive by killing the living.
You are immune to poison.
You have sharp fingernails.
Your flesh is cold resistant. (rC+)
You are immune to negative energy. (rN+++)
You do not regenerate when monsters are visible.
You are immune to unholy pain and torment.


Message History

You barely miss something. Something hits you.
You scratch something but do no damage. Something hits you.
You scratch something but do no damage. Something hits you.
You scratch something. Something completely misses you.
You miss something. Something hits you but does no damage.
You closely miss something.
You hear some strange, mumbled words.
A puff of flame appears from out of thin air!
The puff of flame hits you.
You scratch something. Something hits you but does no damage.
You closely miss something. You completely miss something.
Something hits you but does no damage. Something misses you.
You miss something. You claw something.
You hear some strange, mumbled words.
Something tries to affect you, but you resist.
You barely miss something. Something hits you.
You closely miss something. Something barely misses you.
You scratch something. Something hits you but does no damage.
You hear some strange, mumbled words.
Something tries to affect you, but you resist.
You hear some strange, mumbled words.
You are confused.
You bump into the rock wall.
You're too confused to move!
You claw something! Something hits you but does no damage.
You bump into the rock wall.
Something hits you.
You hear some strange, mumbled words.
A magic dart appears from out of thin air!
The magic dart hits you!
* * * LOW HITPOINT WARNING * * *
You feel less confused. Something misses you.
You hear some strange, mumbled words.
A puff of flame appears from out of thin air!
The puff of flame misses you.
It was a potion of cancellation.
You feel magically purged.
A magic dart appears from out of thin air!
The magic dart hits you!
You die...

##.### #.#...# .....# ##.#...#
.###.# #...#[.# ..##.#####...#..#
####.........#..##
.÷......###......#
#######......#...#
...........#.##..#
.......(.....##.@###
..(......#.####>...#
.............#...#.#
...........#.#.#.#{#
.........#.#.#.###.##############
.........#.#[#...................
.........#.#.####################
.........#.#.....#
.........#.#####.#


There were no monsters in sight!

Vanquished Creatures
  An adder (D:1)
  2 orcs (D:2)
  3 endoplasms (D:1)
  A hobgoblin (D:1)
  2 jackals (D:1)
  2 quokkas (D:1)
  A ball python (D:1)
  2 frilled lizards
  A rat (D:1)
15 creatures vanquished.

Notes
Turn   | Place    | Note
-------+----------+-------------------------------------------
     0 | D:1      | ChiliFlavouring the Ghoul Gladiator began the quest for the
                  | Orb.
     0 | D:1      | Reached XP level 1. HP: 17/17 MP: 0/0
   524 | D:1      | Reached XP level 2. HP: 15/25 MP: 1/1
  1216 | D:2      | Reached skill level 1 in Unarmed Combat
  1230 | D:1      | Reached XP level 3. HP: 14/30 MP: 2/2
  1440 | D:1      | Killed from afar by an orc wizard

Illustrated notes

Levels and vault maps discovered:
D:1:      eino_arrival_cavern_a, layout_basic
D:2:      layout_basic, minmay_lizard_king

Skill      XL: |  1  2 |
---------------+-------+-----
Throwing       | 2 |  2.3
Unarmed Combat | 1 |  1.3
Fighting       | |  2.7
Long Blades    | |  2.8
Dodging        | |  2.6

Action                   || total
-------------------------++-------
Melee: Long sword        ||    20
       Unarmed           ||    70
       Punch             ||     2
Throw: Stone             ||     6
  Use: Potion            ||     1
Armor: Leather armour    ||    27
Dodge: Dodged            ||    59

Table legend: (Time is in decaauts)
 A = Elapsed time spent in this place.
 B = Non-inter-level travel time spent in this place.
 C = Inter-level travel time spent in this place.
 D = Time resting spent in this place.
 E = Time spent auto-exploring this place.
 F = Levels seen in this place.
 G = Mean time per level.
                   A        B        C        D        E       F      G
               +--------+--------+--------+--------+--------+-----+--------+
         Total |   1445 |   1376 |     69 |    416 |    715 |   2 |  722.5 |
       Dungeon |   1445 |   1376 |     69 |    416 |    715 |   2 |  722.5 |
               +--------+--------+--------+--------+--------+-----+--------+

Top non-repeatable levels by time:
     D:1: 1400 daAuts
     D:2: 45 daAuts
